 Dungeon Crawl Stone Soup version 0.20-a0-1040-gfd09691 (webtiles) character file.

86 Megalobster the Chopper (level 4, -5/41 HPs)
             Began as a Hill Orc Fighter on Apr 24, 2017.
             Slain by a gnoll
             ... wielding a +0 spear
              (6 damage)
             ... on level 3 of the Dungeon.
             The game lasted 00:05:56 (1950 turns).

Megalobster the Chopper (Hill Orc Fighter)          Turns: 1950, Time: 00:05:57

Health: -5/41      AC:  6    Str: 19    XL:     4   Next: 50%
Magic:  4/4        EV:  7    Int:  8    God:
Gold:   163        SH:  9    Dex: 10    Spells: 3/3 levels left

rFire    . . .     SeeInvis +   a - +0 war axe
rCold    . . .     Gourm    .   c - +0 shield
rNeg     . . .     Faith    .   b - +0 scale mail
rPois    .         Spirit   .   (no helmet)
rElec    .         Reflect  .   (no cloak)
rCorr    .         Harm     .   (no gloves)
MR       .....                  (no boots)
Stlth    ..........             (no amulet)
Regen    0.2/turn               u - ring of see invisible
MPRegen  0.1/turn               (no ring)

@: no status effects
A: no striking features
a: no special abilities


You were on level 3 of the Dungeon.
You were hungry.

You visited 1 branch of the dungeon, and saw 3 of its levels.

You collected 163 gold pieces.

Inventory:

Hand Weapons
 a - a +0 war axe (weapon)
Missiles
 q - 126 stones (quivered)
Armour
 b - a +0 scale mail (worn)
 c - a +0 shield (worn)
Jewellery
 u - a ring of see invisible (left hand)
Scrolls
 j - 2 scrolls of recharging {unknown}
 l - a scroll of remove curse
 m - a scroll of enchant armour {unknown}
 p - 2 scrolls of identify
 t - a scroll of immolation {unknown}
 v - a scroll of amnesia {unknown}
Potions
 d - a potion of might
 e - 3 potions of lignification {unknown}
 i - a potion of resistance {unknown}
 n - a potion of curing {unknown}
 o - a potion of flight {unknown}
 r - a potion of invisibility {unknown}
 s - a potion of heal wounds {unknown}
Comestibles
 f - 2 bread rations
 g - 2 royal jellies
 h - a chunk of flesh
 k - 2 meat rations


   Skills:
 + Level 4.7 Fighting
 * Level 4.9 Axes
 + Level 3.5 Armour
 - Level 3.2 Shields


You had 3 spell levels left.
You didn't know any spells.

Dungeon Overview and Level Annotations

Branches:
Dungeon (3/15)

Altars:
Sif Muna


Message History

The gnoll closely misses you.
You hit the gnoll but do no damage. The gnoll completely misses you.
The gnoll hits you from afar with a halberd.
* * * LOW HITPOINT WARNING * * *
You hit the gnoll.
The gnoll is lightly wounded.
The gnoll hits you with a spear.
* * * LOW HITPOINT WARNING * * *
You block the gnoll's attack.
Your shield and scale mail prevent you from hitting the gnoll.
The gnoll is lightly wounded.
You block the gnoll's attack. The gnoll closely misses you.
You hit the gnoll.
The gnoll is heavily wounded.
The gnoll barely misses you. x2; The gnoll hits you with a spear.
* * * LOW HITPOINT WARNING * * *
Your shield and scale mail prevent you from hitting the gnoll.
The gnoll is moderately wounded.
The gnoll hits you with a spear.
You die...

.#># #.#.....#
#..)#.#.# # .#.# #
#.....# #...#.#.# #
.#.# #....##
#...#.#.# # ...#
#.)).# #...#.#.# #
#.######
#....####.#...#.#.#
# ........
#.........#...#.#.#
# .....###
###'#.#####...#.#.##
# .....# #.#g#
#..........# #
.....# ..#@#
#.#.....#..###
รทรท...# ...#.#
#.##.#........
#..### ....#g#
#.....######## #..#
...g.#g#
####.......... #..#
......#.#
##.##.##.## ...#
...###.#.#
#g##...... ##.# #.#
#.##..#.## ...# #.#
#g##..#.# ##.# #.#
#.##..#.#


You could see 3 gnolls.

Vanquished Creatures
  A gnoll (D:3)
  2 adders (D:2)
  An ooze (D:2)
  2 dart slugs
  2 leopard geckos (D:2)
  An orc (D:3)
  A giant cockroach (D:1)
  7 hobgoblins
  3 jackals (D:3)
  4 kobolds
  A quokka (D:2)
  7 bats
  3 frilled lizards
  7 goblins
  4 rats
46 creatures vanquished.

Notes
Turn   | Place    | Note
-------+----------+-------------------------------------------
     0 | D:1      | Megalobster the Hill Orc Fighter began the quest for the Orb.
     0 | D:1      | Reached XP level 1. HP: 19/19 MP: 1/1
   109 | D:1      | Reached XP level 2. HP: 18/27 MP: 2/2
   560 | D:2      | Found a faded altar of an unknown god.
   649 | D:2      | Reached XP level 3. HP: 29/34 MP: 3/3
  1208 | D:2      | Found a deep blue altar of Sif Muna.
  1387 | D:3      | Reached XP level 4. HP: 41/41 MP: 4/4
  1947 | D:3      | HP: 2/41 [gnoll/spear (4)]
  1950 | D:3      | Slain by a gnoll

Vault maps used:
D:1:      dpeg_arrival_simpleton_c
D:2:      chequers_ecumenical_altar_island, minmay_hedge_maze,
          kennysheep_flooded_box
D:3:      first_bread

Skill      XL: |  1  2  3 |
---------------+----------+-----
Axes           | 3 4 |  4.9
Fighting       | 4 |  4.7
Armour         | |  3.5
Shields        | |  3.2

Action                   |  1- 3 |  4- 6 || total
-------------------------+-------+-------++-------
Melee: War axe           |   110 |    61 ||   171
  Use: Scroll            |     2 |       ||     2
  Eat: Chunk             |     2 |     1 ||     3
Armor: Scale mail        |    40 |    33 ||    73
Dodge: Dodged            |    39 |    23 ||    62
Block: Shield            |    64 |    31 ||    95
